 Dungeon Crawl Stone Soup version 0.29.0-7-g18a832c13a (webtiles) character file.

Game seed: 3708384672098955700

1345 Zeld the Slasher (level 8, -9/59 HPs)
             Began as a Djinni Cinder Acolyte on Aug 31, 2022.
             Was an Initiate of Makhleb.
             Mangled by a fire elemental (11 damage)
             ... created by the fiery vengeance of Ignis
             ... on level 5 of the Dungeon.
             The game lasted 00:06:58 (7757 turns).

Zeld the Slasher (Djinni Cinder Acolyte)            Turns: 7757, Time: 00:06:59

Health: -9/59      AC:  5    Str: 13    XL:     8   Next: 94%
Gold:   230        EV: 13    Int: 17    God:    Makhleb [......] SH:  0 Dex: 10

rFire   . . .      SeeInvis .   a - -1 falchion (flame)
rCold   x . .      Faith    .   (no shield)
rNeg    . . .      Spirit   .   b - +0 robe
rPois   ∞          Reflect  .   t - +2 helmet
rElec   .          Harm     .   (no cloak)
rCorr   +          Rampage  .   (no gloves)
Will    .....                   (boots unavailable)
Stlth   +.........              (no amulet)
HPRegen 0.19/turn               l - ring of resist corrosion
MPRegen 0.00/turn               (no ring)

@: flying, invisible, fire susceptible
A: sickness immunity, fire resistance 2, cold vulnerability 1, float, innate
caster, HP casting, extra vitality 1
a: Renounce Religion


You were on level 5 of the Dungeon.
You worshipped Makhleb.
Makhleb was noncommittal.
You visited 2 branches of the dungeon, and saw 7 of its levels.
You also visited: Sewer.

You collected 230 gold pieces.

Inventory:

Hand Weapons
 a - a -1 falchion of flaming (weapon)
Missiles
 f - 3 atropa-tipped darts
 j - 47 stones
 v - 11 poisoned darts
Armour
 b - a +0 robe (worn)
 t - a +2 helmet (worn)
Jewellery
 l - a ring of resist corrosion (left hand)
Wands
 o - a wand of flame (51)
 u - a wand of charming (4)
 y - a wand of iceblast (5)
 A - a wand of digging (1)
Scrolls
 e - 2 scrolls of teleportation {unknown}
 g - 7 scrolls of identify {unknown}
 k - 2 scrolls of enchant armour {unknown}
 q - 2 scrolls of fog {unknown}
 z - a scroll of torment {unknown}
 B - 3 scrolls of vulnerability {unknown}
 D - a scroll of acquirement {unknown}
 E - a scroll of magic mapping {unknown}
Potions
 c - 2 potions of magic {unknown}
 d - a potion of heal wounds {unknown}
 h - a potion of ambrosia {unknown}
 i - 2 potions of attraction {unknown}
 n - 2 potions of brilliance {unknown}
 p - 3 potions of degeneration {unknown}
 r - a potion of lignification {unknown}
 s - 2 potions of curing
 w - a potion of berserk rage {unknown}
 x - a potion of might {unknown}
 C - 3 potions of mutation {unknown}
 F - a potion of haste {unknown}


   Skills:
 + Level 5.0 Fighting
 * Level 6.0 Long Blades
 + Level 4.2 Dodging
 * Level 5.2 Spellcasting


You had 10 spell levels left.
You knew the following spells:

 Your Spells              Type           Power      Damage    Failure   Level
a - Scorch                Fire           44%        2d7       2%          2
b - Freeze                Ice            88%        1d10      1%          1
c - Poisonous Vapours     Pois/Air       44%        N/A       2%          2
d - Blink                 Tloc           44%        N/A       2%          2
Your spell library was empty.

Dungeon Overview and Level Annotations

Branches:
Dungeon (6/15)             Temple (1/1) D:5           Sewer (visited)

Altars:
Cheibriados
Dithmenos
Elyvilon
Fedhas
Gozag
Makhleb
Nemelex Xobeh
Okawaru
Qazlal
Ru
Uskayaw
Wu Jian
Xom
The Shining One


Innate Abilities, Weirdness & Mutations

You are immune to sickness and miasma.
You are immune to poison.
Your flesh is very heat resistant. (rF++)
You are vulnerable to cold. (rC-)
You float through the air rather than walking.
You learn spells naturally, not from books.
Your magical power is your life essence.
You have superior vitality. (+4 MHP)


Message History

The gnoll closely misses you.
Flames lash the gnoll.
The gnoll is heavily wounded.
The gnoll's fire resistance burns away.
You hear a bark!
The gnoll hits you but does no damage.
Unknown command.
There is an open door here.
Flames lash the gnoll sergeant.
The gnoll sergeant is moderately wounded.
The gnoll sergeant's fire resistance burns away.
You hear a bark!
The gnoll is no longer more vulnerable to fire.
Flames lash the gnoll.
You kill the gnoll!
Makhleb accepts your kill.
The gnoll is no longer more vulnerable to fire.
A hound comes into view.
Flames lash something.
The gnoll sergeant hits you from afar with a +0 trident!
You are too injured to fight recklessly!
The gnoll sergeant is no longer more vulnerable to fire.
A hound comes into view.
A gnoll comes into view. It is wielding a +0 flail.
The hound barks!
The hound bites you.
Ignis calls forth spirits of fire to unmake you! 3 fire elementals come into view.
Okay, then.
You fade into invisibility!
The hound bites you.
The gnoll sergeant hits you from afar with a +0 trident!
* * * LOW HITPOINT WARNING * * *
The hound bites you.
* * * LOW HITPOINT WARNING * * *
The hound closely misses you. The fire elemental hits you.
The fire elemental burns you!
* * * LOW HITPOINT WARNING * * *
The fire elemental hits you. The fire elemental burns you!
You die...

...........#####)#
.....#.#...⌠...#'####
.....#..........g...#
.....###.⌠.>.⌠......# #
.....#
#............#..#
###.##
#...⌠...#g......# #.#
####..###hg###.## #.#
#.## #hE# ... #.# #.#
#@E# ###. #### ##.####
......E..○....?.. ...
#.....#
#######..#######.####.#
#.....##### #..#
#......# #.........###
#..# #......#
#.......<.... ...#
#......## #####.....###
#.## #.......# #.#####
#.# #.##.##.# ###..##.#
#!# #.(..##.#


You could see 3 fire elementals, a gnoll sergeant (unable to see you), 2 hounds
and 2 gnolls.

Vanquished Creatures
  Grinder (D:3)
  A water moccasin (D:6)
  Pargi (Sewer)
  2 phantoms
  Blork the orc (D:6)
  3 necrophages
  A scorpion (D:6)
  A jelly (D:6)
  Terence (D:2)
  An iguana (D:5)
  Ijyb (D:3)
  Natasha (thrice) (D:3)
  An orc wizard (D:6)
  Robin (D:2)
  5 gnolls
  10 adders
  A shadow imp (D:6)
  2 white imps (D:6)
  An ufetubus (D:5)
  5 worms
  A dart slug (D:1)
  6 orcs
  An endoplasm (D:3)
  A giant cockroach (D:4)
  10 hobgoblins
  6 jackals (D:4)
  4 quokkas
  8 ball pythons
  6 bats
  4 frilled lizards (Sewer)
  12 goblins
  5 kobolds
  2 rats (D:1)
109 creatures vanquished.

Vanquished Creatures (others)
  An orc wizard (D:6)
  67 foxfires
68 creatures vanquished.

Grand Total: 177 creatures vanquished

Notes
Turn   | Place    | Note
-------+----------+-------------------------------------------
     0 | D:1      | Zeld the Djinni Cinder Acolyte began the quest for the Orb.
     0 | D:1      | Zeld set off with the following spells memorised: Scorch.
     0 | D:1      | Reached XP level 1. HP: 20/20 MP: 0/0
   548 | D:1      | Reached XP level 2. HP: 25/25 MP: 0/0
   891 | D:2      | Found a faded altar of an unknown god.
   902 | D:2      | Reached skill level 3 in Long Blades
   902 | D:2      | Reached XP level 3. HP: 23/30 MP: 0/0
   902 | D:2      | Learned a level 1 spell: Freeze
  1166 | D:2      | Noticed Robin
  1167 | D:2      | Reached skill level 1 in Dodging
  1181 | D:2      | Killed Robin
  1182 | D:2      | Reached XP level 4. HP: 13/35 MP: 0/0
  1882 | D:2      | Reached XP level 5. HP: 25/40 MP: 0/0
  1882 | D:2      | Learned a level 2 spell: Poisonous Vapours
  2274 | D:2      | Noticed Terence
  3177 | D:2      | Found a faded altar of an unknown god.
  3263 | D:2      | Killed Terence
  3765 | D:3      | Noticed Ijyb
  4191 | D:3      | Killed Ijyb
  4555 | D:3      | Noticed Natasha
  4558 | D:3      | Killed Natasha
  4559 | D:3      | Reached XP level 6. HP: 37/47 MP: 0/0
  4626 | D:3      | Noticed Natasha
  4656 | D:3      | Killed Natasha
  4657 | D:3      | Reached skill level 4 in Long Blades
  4717 | D:3      | Noticed Natasha
  4721 | D:3      | Killed Natasha
  4949 | D:3      | Noticed Grinder
  4957 | D:3      | Killed Grinder
  4958 | D:3      | Reached XP level 7. HP: 35/52 MP: 0/0
  4958 | D:3      | Learned a level 2 spell: Blink
  5747 | D:4      | Found a glowing golden altar of the Shining One.
  6010 | D:4      | You are sucked into a shaft and drop 2 floors!
  6148 | D:6      | Reached skill level 5 in Long Blades
  6156 | D:6      | Reached XP level 8. HP: 41/58 MP: 0/0
  6671 | D:6      | Noticed Blork the orc
  6678 | D:6      | Killed Blork the orc
  6944 | D:5      | Entered Level 5 of the Dungeon
  6945 | D:5      | Found a staircase to the Ecumenical Temple.
  7032 | D:5      | Reached skill level 5 in Spellcasting
  7192 | D:5      | Found an opulent altar of Gozag.
  7272 | D:5      | Found a glowing drain.
  7281 | Sewer    | Entered a sewer
  7403 | Sewer    | Noticed Pargi
  7452 | Sewer    | Killed Pargi
  7453 | Sewer    | Reached skill level 5 in Fighting
  7453 | Sewer    | Reached skill level 6 in Long Blades
  7709 | Temple   | Entered the Ecumenical Temple
  7715 | Temple   | Fell from the grace of Ignis
  7715 | Temple   | Became a worshipper of Makhleb the Destroyer
  7756 | D:5      | Noticed a fire elemental
  7756 | D:5      | Noticed a fire elemental
  7756 | D:5      | Noticed a fire elemental
  7757 | D:5      | HP: 2/59 [fire elemental[the fiery vengeance of Ignis]
                  | (11)]
  7757 | D:5      | Mangled by a fire elemental

Illustrated notes

Levels and vault maps discovered:
D:1:      dpeg_arrival_shelter, layout_basic
D:2:      layout_loops_cross, ebering_ecumenical_altar_mist, nicolae_wormholes,
          uniq_robin, uniq_terence
D:3:      layout_rooms, lemuel_another_geyser, uniq_grinder, uniq_ijyb,
          uniq_natasha
D:4:      layout_basic, mainiacjoe_overflow_surrounded_room
D:5:      layout_basic, pdpol_temple_overflow_zin_treasury_gozag_greed,
          temple_fountains, cheibrodos_sewer_entry_bend
D:6:      layout_rooms, general_overflow_altar, uniq_blork_the_orc
Temple:   hellmonk_temple_two_chambers

Skill      XL: |  1  2  3  4  5  6  7  8 |
---------------+-------------------------+-----
Long Blades    | 3 4 5 6 |  6.0
Dodging        | 1 2 3 4 |  4.2
Spellcasting   | 3 4 5 |  5.2
Fighting       | 4 5 |  5.0

Action                   |  1- 3 |  4- 6 |  7- 9 || total
-------------------------+-------+-------+-------++-------
Melee: Falchion          |    39 |    25 |    76 ||   140
 Cast: Scorch            |    10 |    48 |    75 ||   133
       Freeze            |       |     2 |       ||     2
Invok: Foxfire Swarm     |     2 |     3 |       ||     5
       Fiery Armour      |       |     3 |     3 ||     6
       Rising Flame      |       |     1 |       ||     1
  Use: Potion            |       |       |     1 ||     1
Armor: Robe              |    10 |    10 |    39 ||    59
Dodge: Dodged            |    38 |    35 |    78 ||   151
